 Dungeon Crawl Stone Soup version 0.23.1-37-gaa34b87 (webtiles) character file.

Game seed: 3176044747652375810

58 Fang the Skirmisher (level 4, -3/43 HPs)
             Began as a Gargoyle Berserker on Mar 27, 2019.
             Was a Follower of Trog.
             Killed from afar by Natasha (11 damage)
             ... with a wand of flame (14)
             ... on level 2 of the Dungeon.
             The game lasted 00:01:23 (1126 turns).

Fang the Skirmisher (Gargoyle Berserker)            Turns: 1126, Time: 00:01:23

Health: -3/43      AC:  5    Str: 27    XL:     4   Next: 2%
Magic:  4/4        EV: 12    Int:  7    God:    Trog [*.....]
Gold:   56         SH:  0    Dex:  9    Spells: 3/3 levels left

rFire    . . .     SeeInvis .   a - +0 hand axe
rCold    . . .     Gourm    .   (no shield)
rNeg     + . .     Faith    .   b - +0 animal skin
rPois    ∞         Spirit   .   (no helmet)
rElec    +         Reflect  .   (no cloak)
rCorr    .         Harm     .   (no gloves)
MR       .....                  (no boots)
Stlth    ..........             (no amulet)
HPRegen  0.14/turn              (no ring)
MPRegen  0.09/turn              (no ring)

@: berserking, slowed
A: negative energy resistance 1, electricity resistance, unbreathing,
petrification resistance, rot immunity, AC +3
a: Berserk, Renounce Religion


You were on level 2 of the Dungeon.
You worshipped Trog.
Trog was aware of your devotion.
You were hungry.

You visited 1 branch of the dungeon, and saw 2 of its levels.

You collected 56 gold pieces.

Inventory:

Hand Weapons
 a - a +0 hand axe (weapon)
Armour
 b - a +0 animal skin (worn)
Scrolls
 d - 2 scrolls of teleportation {unknown}
 f - 2 scrolls of immolation {unknown}
 l - a scroll of fear {unknown}
Potions
 e - a potion of degeneration {unknown}
 g - a potion of brilliance {unknown}
 i - a potion of heal wounds {unknown}
 j - a potion of cancellation {unknown}
 k - a potion of mutation {unknown}
Comestibles
 c - a ration
 h - 3 chunks of flesh


   Skills:
 + Level 3.8 Fighting
 + Level 3.2 Axes
 + Level 2.9 Armour
 + Level 2.1 Dodging


You had 3 spell levels left.
You didn't know any spells.
Your spell library was empty.

Dungeon Overview and Level Annotations

Branches:
Dungeon (2/15)

Altars:
Dithmenos

Annotations:
D:2 Natasha


Innate Abilities, Weirdness & Mutations

You are resistant to torment.
Your stone body is resilient. (AC +3)
You are immune to poison.
You resist negative energy. (rN+)
You are resistant to electric shocks. (rElec)
You can survive without breathing.
You are immune to petrification.
You are immune to rotting.


Message History

Natasha, Servant of Life and Death comes into view.
She is carrying a wand of flame (15).
Found two stone staircases leading up.
Natasha hisses angrily.
Natasha zaps a wand.
The puff of flame hits you!
* * * LOW HITPOINT WARNING * * *
Natasha stares at you and mumbles some strange words.
You feel yourself slow down.
A red film seems to cover your vision as you go berserk!
You feel yourself moving faster!
You feel mighty!
You are feeling hungry.
Natasha closely misses you. Natasha claws you but does no damage.
You slash Natasha!
Natasha is almost dead.
Natasha wildly gestures.
You feel troubled. Natasha closely misses you.
You closely miss Natasha.
Natasha is almost dead.
Natasha zaps a wand.
The puff of flame hits you!
You die...

......#.##..
.........#.#
.<....<.... ..........
#........ .≈
###.....#.# ..≈#...h..#
.# ...?...@..# .#
.♣........##.#######
..r..................
..≈#......††.........
.≈ #.......†.......# .
. #...............####.
...#####..............
#......?...............
###..####.....†........


You could see Natasha and a neutral quokka (wandering).

Vanquished Creatures
  Natasha (D:2)
  A dart slug (D:1)
  3 leopard geckos (D:1)
  A giant cockroach (D:1)
  4 goblins (D:1)
  3 hobgoblins
  4 jackals (D:2)
  2 ball pythons
  A frilled lizard (D:1)
  4 kobolds
  4 rats
28 creatures vanquished.

Vanquished Creatures (others)
  A goblin (D:2)
  A kobold (D:2)
2 creatures vanquished.

Grand Total: 30 creatures vanquished

Notes
Turn   | Place    | Note
-------+----------+-------------------------------------------
     0 | D:1      | Fang the Gargoyle Berserker began the quest for the Orb.
     0 | D:1      | Reached XP level 1. HP: 14/14 MP: 1/1
   290 | D:1      | Reached XP level 2. HP: 19/19 MP: 2/2
   736 | D:1      | Reached XP level 3. HP: 18/23 MP: 3/3
   930 | D:2      | Noticed Natasha
   937 | D:2      | Killed Natasha
  1066 | D:2      | Found a shadowy altar of Dithmenos.
  1102 | D:2      | Reached XP level 4. HP: 14/29 MP: 4/4
  1118 | D:2      | Noticed Natasha
  1126 | D:2      | Killed from afar by Natasha

Skill      XL: |  1  2  3 |
---------------+----------+-----
Axes           | 3 |  3.2
Dodging        | 2 |  2.1
Fighting       | |  3.8
Armour         | |  2.9

Action                   |  1- 3 |  4- 6 || total
-------------------------+-------+-------++-------
Melee: Hand axe          |    87 |     3 ||    90
Invok: Berserk           |     1 |     1 ||     2
  Eat: Chunk             |     2 |       ||     2
Armor: Animal skin       |    26 |     2 ||    28
Dodge: Dodged            |    62 |     4 ||    66
